 Dungeon Crawl Stone Soup version 0.31.0-11-ge490571c62 (webtiles) character file.

Game seed: 12489326367123248081

101 qw the Shooter (level 4, -8/22 HPs)
             Began as a Spriggan Hunter on Feb 3, 2024.
             Was an Initiate of Okawaru.
             Killed by nerve-wracking pain
             ... invoked by Grinder
              (12 damage)
             ... on level 3 of the Dungeon.
             The game lasted 00:00:06 (1216 turns).

qw the Shooter (Spriggan Hunter)                    Turns: 1216, Time: 00:00:06

Health: -8/22      AC:  2    Str:  7    XL:     4   Next: 48%
Magic:  5/5        EV: 20    Int: 10    God:    Okawaru [......]
Gold:   105        SH:  0    Dex: 20    Spells: 3/3 levels left

rFire   . . .        a - +0 shortbow
rCold   . . .        (shield currently unavailable)
rNeg    . . .        c - +0 robe
rPois   .            (helmet restricted)
rElec   .            (no cloak)
rCorr   .            (gloves unavailable)
SInv    +            (boots unavailable)
Will    .....        (no amulet)
Stlth   ++           (no ring)
HPRegen 0.23/turn    (no ring)
MPRegen 0.09/turn

%: no passive effects
@: very quick
A: very small, no large weapons, unfitting armour, see invisible, speed 3
a: Renounce Religion


You were on level 3 of the Dungeon.
You worshipped Okawaru.
Okawaru was noncommittal.
You visited 2 branches of the dungeon, and saw 5 of its levels.

You collected 105 gold pieces.


Innate Abilities, Weirdness & Mutations

You are very small and have problems with some larger weapons.
You are too small for most types of armour.
You have supernaturally acute eyesight. (SInv)
You cover ground extremely quickly. (Speed+++)


   Skills:
 + Level 1.5 Fighting
 - Level 5.0 Ranged Weapons
 - Level 5.0 Dodging
 - Level 1.5 Stealth


You had 3 spell levels left.
You didn't know any spells.
Your spell library was empty.

Inventory:

Hand Weapons
 a - a +0 shortbow (weapon)
Armour
 c - a +0 robe (worn)
Scrolls
 b - a scroll of immolation {unknown}
 f - a scroll of silence {unknown}
Potions
 d - a potion of might

Dungeon Overview and Level Annotations

Branches:
Dungeon (4/15)             Temple (1/1) D:4

Altars:
Cheibriados
Elyvilon
Fedhas
Gozag
Hepliaklqana
Kikubaaqudgha
Makhleb
Okawaru
Qazlal
Ru
Trog
Uskayaw
Vehumet
Xom
The Shining One

Annotations:
D:3 Grinder


Message History

You shoot an arrow.
The arrow hits Grinder but does no damage.
Grinder is lightly wounded.
Grinder barely misses you. x2
You shoot an arrow. The arrow hits Grinder.
Grinder is lightly wounded.
Grinder barely misses you.
You shoot an arrow. The arrow hits Grinder.
Grinder is moderately wounded.
Grinder misses you.
You shoot an arrow. The arrow hits Grinder.
Grinder is moderately wounded.
Grinder closely misses you.
You shoot an arrow. The arrow hits Grinder.
Grinder is heavily wounded.
Grinder closely misses you.
You shoot an arrow. The arrow hits Grinder.
Grinder is heavily wounded.
Grinder hits you.
You writhe in agony.
You shoot an arrow. The arrow hits Grinder.
Grinder is severely wounded.
Grinder completely misses you.
You shoot an arrow. The arrow closely misses Grinder.
Grinder gestures at you.
You struggle to resist.
Grinder gestures at you.
You suddenly lose the ability to move!
Grinder closely misses you. Grinder completely misses you.
You can move again.
You shoot an arrow. The arrow barely misses Grinder.
Grinder hits you!
You writhe in agony.
You shoot an arrow. The arrow closely misses Grinder.
Grinder closely misses you.
You shoot an arrow. The arrow completely misses Grinder.
Grinder gestures at you. Pain shoots through your body!
Ouch! That really hurt!
You die...
Grinder says, "Now the real fun starts!"

##### #.# ...# #.#
#######.###########.#
........[...........#
###.##..##########.#
#......# #.#
#......#########.#
#...........>....#
#@.....###########
.!...)5......#
........###.##
##..###.# .# #$ #.#
.# # #.# ... #.#


You could see Grinder.

Vanquished Creatures
  Terence (D:3)
  3 adders
  A dart slug (D:4)
  2 ball pythons
  4 bats
  4 endoplasms
  4 giant cockroaches
  3 goblins
  4 hobgoblins
  7 kobolds
  4 quokkas
  3 frilled lizards
  5 rats
45 creatures vanquished.

Notes
Turn   | Place    | Note
-------+----------+-------------------------------------------
     0 | D:1      | qw the Spriggan Hunter began the quest for the Orb.
     0 | D:1      | Reached XP level 1. HP: 10/10 MP: 2/2
     0 | D:1      | 0 ||| qw: Version: 0.3-a-155-g5e7d8dd
     0 | D:1      | 0 ||| qw: Game counter: 3450
     0 | D:1      | 0 ||| qw: Melee chars always use a shield: true
     0 | D:1      | 0 ||| qw: God list: Okawaru
     0 | D:1      | 0 ||| qw: Allow faded altars: false
     0 | D:1      | 0 ||| qw: Do Orc after clearing Dungeon:15 true
     0 | D:1      | 0 ||| qw: Do second Lair branch before Depths: true
     0 | D:1      | 0 ||| qw: Lair rune preference: random
     0 | D:1      | 0 ||| qw: Goals: Normal
     0 | D:1      | 0 ||| PLANNING D:1-11
    34 | D:1      | Reached skill level 3 in Dodging
   137 | D:1      | Reached XP level 2. HP: 14/14 MP: 3/3
   307 | D:1      | Found a faded altar of an unknown god.
   470 | D:1      | 470 ||| READING scroll labelled BAZELY ZOLUD.
   471 | D:1      | 471 ||| DROPPING scroll of butterflies.
   562 | D:2      | Reached XP level 3. HP: 18/18 MP: 4/4
   805 | D:2      | You fall into a shaft and drop 2 floors!
   829 | D:4      | Found a staircase to the Ecumenical Temple.
   830 | D:4      | 830 ||| PLANNING TEMPLE
   830 | D:4      | 830 ||| READING scroll labelled VUREIC TAEL.
   831 | D:4      | 831 ||| READING scroll labelled SOOHYRA ITWEK.
   832 | D:4      | 832 ||| READING scroll labelled XYL UCROCH.
   832 | D:4      | 832 ||| IDENTIFYING smoky sapphire potion
   833 | D:4      | 833 ||| READING scroll labelled IMOEMNOCZU.
   934 | D:4      | 934 ||| READING scroll labelled GAOZIO GYNGEG.
   970 | D:4      | 970 ||| DRINKING 2 yellow potions.
   971 | D:4      | 971 ||| DRINKING 2 brown potions.
   972 | D:4      | 972 ||| DROPPING potion of magic.
   995 | Temple   | Entered the Ecumenical Temple
   996 | Temple   | 996 ||| PLANNING OKAWARU WORSHIP
  1028 | Temple   | Became a worshipper of Warmaster Okawaru
  1029 | Temple   | 1029 ||| PLANNING D:1-11
  1192 | D:3      | Noticed Terence
  1195 | D:3      | Killed Terence
  1196 | D:3      | Reached XP level 4. HP: 22/22 MP: 5/5
  1196 | D:3      | Noticed Grinder
  1202 | D:3      | HP: 3/22 [Grinder (3)]
  1203 | D:3      | 1203 ||| DRINKING potion of heal wounds.
  1211 | D:3      | Paralysed by Grinder for 3 turns
  1214 | D:3      | HP: 4/22 [Grinder (9)]
  1216 | D:3      | Killed from afar by Grinder

Levels and vault maps discovered:
D:1:      wheals_arrival_shading, layout_basic,
          shapermc_ecumenical_altar_acropolis, minmay_heptomino_o4
D:2:      layout_rooms
D:3:      layout_loops_ring, nicolae_sif_muna_little_library, uniq_terence,
          uniq_grinder
D:4:      nicolae_cairo_tiling_large, layout_loops_ring, zin_academy,
          lemuel_mausoleum_altar_yredelemnul, minmay_temple_entry_arrows,
          minmay_misc_feat_cross
Temple:   regret_index_temple_generic_petals

Skill      XL: |  1  2  3  4 |
---------------+-------------+-----
Dodging        | 3 4 5 |  5.0
Ranged Weapons | 5 |  5.0
Fighting       | |  1.5
Stealth        | |  1.5

Action                     |  1- 3 |  4- 6 || total
---------------------------+-------+-------++-------
   Fire: Shortbow          |   130 |    18 ||   148
    Use: Scroll            |     6 |       ||     6
         Potion            |     2 |     1 ||     3
 Armour: Robe              |    10 |     4 ||    14
  Dodge: Dodged            |    41 |    13 ||    54

Table legend:
 A = Non-vault XP
 B = Vault XP
 C = Vault XP percentage of total XP
 D = Non-vault monster count
 E = Vault monster count
 F = Vault count percentage of total count
                 A         B        C        D         E       F
            +---------+---------+-------+---------+---------+-------
      Total |     103 |      42 |  29.0 |      41 |       4 |   8.9
            +---------+---------+-------+---------+---------+-------
        D:1 |      23 |       6 |  20.7 |      14 |       3 |  17.6
        D:2 |      38 |       0 |   0.0 |      17 |       0 |   0.0
        D:3 |      15 |      36 |  70.6 |       2 |       1 |  33.3
        D:4 |      27 |       0 |   0.0 |       8 |       0 |   0.0
            +---------+---------+-------+---------+---------+-------
